TOP OF THE 1ST |
Baltimore Bulldogs batting - Pitching for New York Cyclones : RHP Javis Navarro
|
Pitching: RHP Javis Navarro
|
|
Batting: RHB Alden Bradley
|
0-0: Foul Ball, location: 2F 0-1: Ball 1-1: TRIPLE (Line Drive, 78XD, EV 111.9 MPH)
|
Batting: SHB Will Spero
|
0-0: Ball 1-0: SINGLE (Groundball, 34D, EV 95.0 MPH) Alden Bradley scores
|
Batting: SHB Val Schmit
|
0-0: Swinging Strike 0-1: Ball 1-1: Foul Ball, location: 2F 1-2: Ball 2-2: Foul Ball, location: 2F 2-2: Strikes out swinging
|
Batting: LHB Elmer Nelson
|
0-0: Called Strike Will Spero steals 2nd base 0-1: Foul Ball, location: 2F 0-2: Ball 1-2: Strikes out swinging
|
Batting: RHB Reilly Wren
|
0-0: Ground out 4-3 (Groundball, 4, EV 86.2 MPH)
|
Top of the 1st over - 1 run, 2 hits, 0 errors, 1 left on base; Baltimore 1 - New York 0 |
BOTTOM OF THE 1ST |
New York Cyclones batting - Pitching for Baltimore Bulldogs : RHP Kelvin Ellis
|
Pitching: RHP Kelvin Ellis
|
|
Batting: RHB Danrad Orozco
|
0-0: Ball 1-0: Ball 2-0: Ball 3-0: Base on Balls
|
Batting: LHB Jim Mjima
|
0-0: Ball 1-0: Called Strike 1-1: Swinging Strike 1-2: Strikes out swinging
|
Batting: LHB Jared Rosewall
|
0-0: Called Strike 0-1: Foul Ball, location: 2F 0-2: Ball Danrad Orozco steals 2nd base 1-2: Ground out 4-3 (Groundball, 4, EV 90.6 MPH) Danrad Orozco to third
|
Batting: RHB Stefan Jamroz
|
0-0: Ball 1-0: Ball 2-0: Ball 3-0: Called Strike 3-1: Base on Balls
|
Batting: RHB Alexander Charter
|
0-0: Ball 1-0: Ball 2-0: Ball 3-0: Foul Ball, location: 2F 3-1: Foul Ball, location: 2F 3-2: SINGLE (Groundball, 34D, EV 98.8 MPH) Danrad Orozco scores Stefan Jamroz to second Stefan Jamroz to third
|
Batting: RHB Pat Duke
|
0-0: Ball 1-0: Called Strike 1-1: Ball 2-1: Ball 3-1: Swinging Strike 3-2: Strikes out swinging
|
Bottom of the 1st over - 1 run, 1 hit, 0 errors, 2 left on base; Baltimore 1 - New York 1 |
TOP OF THE 2ND |
Baltimore Bulldogs batting - Pitching for New York Cyclones : RHP Javis Navarro
|
Batting: LHB Austin Reardon
|
0-0: Ground out 6-3 (Groundball, 6M, EV 83.8 MPH)
|
Batting: SHB Ulisses Schnopp
|
0-0: Ball 1-0: Ground out U3 (Groundball, 3L, EV 78.8 MPH)
|
Batting: LHB Nathan Bell
|
0-0: Called Strike 0-1: Ball 1-1: Reached on error, E4 (Groundball, 4, EV 96.9 MPH)
|
Batting: LHB Charlie Estes
|
0-0: Called Strike Nathan Bell steals 2nd base 0-1: Ball 1-1: Ground out 4-3 (Groundball, 34, EV 80.0 MPH)
|
Top of the 2nd over - 0 runs, 0 hits, 1 error, 1 left on base; Baltimore 1 - New York 1 |
BOTTOM OF THE 2ND |
New York Cyclones batting - Pitching for Baltimore Bulldogs : RHP Kelvin Ellis
|
Batting: SHB Seth McNeill
|
0-0: TRIPLE (Flyball, 9LD, EV 103.1 MPH)
|
Batting: RHB Dominic Bedolla
|
0-0: Ball 1-0: Ball 2-0: Ball 3-0: Base on Balls
|
Batting: LHB Louis May
|
0-0: Swinging Strike 0-1: Swinging Strike 0-2: Ball 1-2: Strikes out swinging
|
Batting: RHB Danrad Orozco
|
0-0: Called Strike 0-1: Ball 1-1: SINGLE (Groundball, 25, EV 63.8 MPH) (infield hit) Dominic Bedolla to second
|
Batting: LHB Jim Mjima
|
0-0: Called Strike 0-1: Called Strike 0-2: Grounds into double play, 4-6-3 (Groundball, 4, EV 76.2 MPH)
|
Bottom of the 2nd over - 0 runs, 2 hits, 0 errors, 2 left on base; Baltimore 1 - New York 1 |
TOP OF THE 3RD |
Baltimore Bulldogs batting - Pitching for New York Cyclones : RHP Javis Navarro
|
Batting: RHB Alden Bradley
|
0-0: Fly out, F6 (Popup, 6M, EV 55.6 MPH)
|
Batting: SHB Will Spero
|
0-0: Called Strike 0-1: Ball 1-1: Ball 2-1: Foul Ball, location: 2F 2-2: Fly out, F9 (Flyball, 9LM, EV 108.8 MPH)
|
Batting: SHB Val Schmit
|
0-0: Foul Ball, location: 2F 0-1: Foul Ball, location: 2F 0-2: Fly out, F7 (Flyball, 7S, EV 90.0 MPH)
|
Top of the 3rd over - 0 runs, 0 hits, 0 errors, 0 left on base; Baltimore 1 - New York 1 |
BOTTOM OF THE 3RD |
New York Cyclones batting - Pitching for Baltimore Bulldogs : RHP Kelvin Ellis
|
Batting: LHB Jared Rosewall
|
0-0: Swinging Strike 0-1: Swinging Strike 0-2: Ball 1-2: Ball 2-2: Foul Ball, location: 2F 2-2: Foul Ball, location: 2F 2-2: Foul Ball, location: 2F 2-2: Strikes out looking
|
Batting: RHB Stefan Jamroz
|
0-0: Ground out 4-3 (Groundball, 4S, EV 69.4 MPH)
|
Batting: RHB Alexander Charter
|
0-0: Foul Ball, location: 2F 0-1: Ball 1-1: Foul Ball, location: 2F 1-2: Ball 2-2: Strikes out swinging
|
Bottom of the 3rd over - 0 runs, 0 hits, 0 errors, 0 left on base; Baltimore 1 - New York 1 |
TOP OF THE 4TH |
Baltimore Bulldogs batting - Pitching for New York Cyclones : RHP Javis Navarro
|
Batting: LHB Elmer Nelson
|
0-0: Called Strike 0-1: Called Strike 0-2: Foul Ball, location: 2F 0-2: Ball 1-2: Foul Ball, location: 2F 1-2: Ball 2-2: Ground out 3-1 (Groundball, 34, EV 91.2 MPH)
|
Batting: RHB Reilly Wren
|
0-0: Called Strike 0-1: Ball 1-1: Ball 2-1: Ball 3-1: SINGLE (Line Drive, 56, EV 96.2 MPH)
|
Batting: LHB Austin Reardon
|
0-0: Grounds into double play, 4-6-3 (Groundball, 4, EV 106.9 MPH)
|
Top of the 4th over - 0 runs, 1 hit, 0 errors, 0 left on base; Baltimore 1 - New York 1 |
BOTTOM OF THE 4TH |
New York Cyclones batting - Pitching for Baltimore Bulldogs : RHP Kelvin Ellis
|
Pitching: LHP Lucious Shaw
|
|
Batting: RHB Pat Duke
|
0-0: Swinging Strike 0-1: Swinging Strike 0-2: Strikes out swinging
|
Batting: SHB Seth McNeill
|
0-0: Ball 1-0: Ball 2-0: SINGLE (Groundball, 34D, EV 101.9 MPH)
|
Batting: RHB Dominic Bedolla
|
0-0: Ball 1-0: Called Strike Seth McNeill steals 2nd base 1-1: Swinging Strike 1-2: SINGLE (Groundball, 3D, EV 98.8 MPH) Seth McNeill to third
|
Batting: LHB Louis May
|
0-0: Foul Ball, location: 2F 0-1: Grounds into double play, 6-4-3 (Groundball, 6S, EV 83.1 MPH)
|
Bottom of the 4th over - 0 runs, 2 hits, 0 errors, 1 left on base; Baltimore 1 - New York 1 |
TOP OF THE 5TH |
Baltimore Bulldogs batting - Pitching for New York Cyclones : RHP Javis Navarro
|
Pitching: LHP Dawson Hupp
|
|
Now at C: J.D. Brandon
|
|
Now at 2B: Landon Garber
|
|
Now at 3B: Sullivan Hazelwood
|
|
Now at SS: Dane Jennings
|
|
Now in LF: Deontay Gardner
|
|
Now in RF: Chase Barkow
|
|
Batting: SHB Ulisses Schnopp
|
0-0: Ball 1-0: Ball 2-0: Ground out U3 (Groundball, 3S, EV 80.0 MPH)
|
Batting: LHB Nathan Bell
|
0-0: Ball 1-0: Ball 2-0: Called Strike 2-1: SINGLE (Groundball, 6M, EV 88.1 MPH) (infield hit)
|
Batting: LHB Charlie Estes
|
0-0: Ball 1-0: Ball 2-0: Foul Ball, location: 2F 2-1: Ground out 4-3 (Groundball, 4, EV 87.5 MPH) Nathan Bell to second
|
Batting: RHB Alden Bradley
|
0-0: Fly out, F7 (Flyball, 7D, EV 86.2 MPH)
|
Top of the 5th over - 0 runs, 1 hit, 0 errors, 1 left on base; Baltimore 1 - New York 1 |
BOTTOM OF THE 5TH |
New York Cyclones batting - Pitching for Baltimore Bulldogs : LHP Lucious Shaw
|
Pitching: RHP Jovani Dowling
|
|
Now at 3B: Oscar Wilson
|
|
Batting: LHB Deontay Gardner
|
0-0: Called Strike 0-1: Ball 1-1: Ball 2-1: Foul Ball, location: 2F 2-2: Ball 3-2: Foul Ball, location: 2F 3-2: Base on Balls
|
Batting: LHB Tavares Wright
|
Pickoff Throw to First - Out! 1-3 CS 0-0: Foul Ball, location: 2F 0-1: Ground out 1-3 (Groundball, 13S, EV 73.1 MPH)
|
Batting: RHB Landon Garber
|
0-0: Foul Ball, location: 2F 0-1: Ball 1-1: Ground out 4-3 (Groundball, 4M, EV 105.6 MPH)
|
Bottom of the 5th over - 0 runs, 0 hits, 0 errors, 0 left on base; Baltimore 1 - New York 1 |
TOP OF THE 6TH |
Baltimore Bulldogs batting - Pitching for New York Cyclones : LHP Dawson Hupp
|
Pitching: RHP Ty Hogrefe
|
|
Pinch Hitting: SHB Kenny Goss
|
0-0: Called Strike 0-1: Ball 1-1: Swinging Strike 1-2: Strikes out swinging
|
Pinch Hitting: SHB Conor Coleman
|
0-0: Ball 1-0: Ball 2-0: Called Strike 2-1: Foul Ball, location: 2F 2-2: Strikes out swinging
|
Batting: LHB Elmer Nelson
|
0-0: Ball 1-0: Ball 2-0: Called Strike 2-1: Foul Ball, location: 2F 2-2: Ball 3-2: Foul Ball, location: 2F 3-2: SOLO HOME RUN (Flyball, 9D, EV 99.4 MPH), Distance : 383 ft
|
Pinch Hitting: RHB Terry Rowland
|
0-0: Foul Ball, location: 2F 0-1: DOUBLE (Flyball, 8RXD, EV 96.2 MPH)
|
Batting: RHB Oscar Wilson
|
0-0: Ball 1-0: Called Strike 1-1: Ball 2-1: DOUBLE (Line Drive, 7LM, EV 95.6 MPH) Terry Rowland scores
|
Pinch Hitting: RHB Joseph Olsen
|
0-0: Called Strike 0-1: Fly out, F3 (Popup, 3S, EV 73.8 MPH)
|
Top of the 6th over - 2 runs, 3 hits, 0 errors, 1 left on base; Baltimore 3 - New York 1 |
BOTTOM OF THE 6TH |
New York Cyclones batting - Pitching for Baltimore Bulldogs : RHP Jovani Dowling
|
Now at C: Brian Williamson
|
|
Now at 1B: Conor Coleman
|
|
Now at 2B: Terry Rowland
|
|
Now at SS: Kenny Goss
|
|
Now in CF: Joseph Olsen
|
|
Now in RF: Charlie Estes
|
|
Pinch Hitting: LHB Tom McNew
|
0-0: Called Strike 0-1: Ball 1-1: Called Strike 1-2: Fly out, F5 (Flyball, 5D, EV 95.0 MPH)
|
Batting: RHB Sullivan Hazelwood
|
0-0: SINGLE (Groundball, 6D, EV 101.2 MPH)
|
Batting: LHB Chase Barkow
|
0-0: Ball 1-0: Foul Ball, location: 2F 1-1: Ball 2-1: Fielders Choice at 2nd, 6-4 (Groundball, 6S, EV 81.2 MPH)
|
Batting: RHB Dane Jennings
|
0-0: Swinging Strike 0-1: Foul Ball, location: 2F 0-2: Ground out 4-3 (Groundball, 34, EV 105.0 MPH)
|
Bottom of the 6th over - 0 runs, 1 hit, 0 errors, 1 left on base; Baltimore 3 - New York 1 |
TOP OF THE 7TH |
Baltimore Bulldogs batting - Pitching for New York Cyclones : RHP Ty Hogrefe
|
Now in CF: Tom McNew
|
|
Pinch Hitting: LHB Andy Wulfeck
|
0-0: Ball 1-0: Ball 2-0: Ball 3-0: Called Strike 3-1: Called Strike 3-2: Foul Ball, location: 2F 3-2: Foul Ball, location: 2F 3-2: Foul Ball, location: 2F 3-2: Foul Ball, location: 2F 3-2: SOLO HOME RUN (Flyball, 89XD, EV 100.6 MPH), Distance : 413 ft
|
Pitching: RHP Sean Vitale
|
|
Pinch Hitting: RHB Arel Dennis
|
0-0: Ball 1-0: Called Strike 1-1: Foul Ball, location: 2F 1-2: Strikes out looking
|
Batting: LHB Owen Keimig
|
0-0: Foul Ball, location: 2F 0-1: Ball 1-1: Swinging Strike 1-2: Ball 2-2: Ground out 6-3 (Groundball, 6, EV 85.6 MPH)
|
Batting: SHB Kenny Goss
|
0-0: Called Strike 0-1: Fly out, F7 (Flyball, 78S, EV 78.8 MPH)
|
Top of the 7th over - 1 run, 1 hit, 0 errors, 0 left on base; Baltimore 4 - New York 1 |
BOTTOM OF THE 7TH |
New York Cyclones batting - Pitching for Baltimore Bulldogs : RHP Jovani Dowling
|
Pitching: RHP Shadell Williams
|
|
Now at 1B: Billy Ojala
|
|
Now in LF: Andy Wulfeck
|
|
Now in RF: Conor Coleman
|
|
Batting: RHB J.D. Brandon
|
0-0: Called Strike 0-1: Foul Ball, location: 2F 0-2: Ball 1-2: Fly out, F8 (Flyball, 8RM, EV 88.8 MPH)
|
Pinch Hitting: RHB Fred Etheridge
|
0-0: Called Strike 0-1: Ball 1-1: Called Strike 1-2: SINGLE (Groundball, 6MD, EV 96.9 MPH)
|
Batting: LHB Deontay Gardner
|
0-0: Foul Ball, location: 2F 0-1: Called Strike 0-2: Ball 1-2: Ball 2-2: Ball 3-2: Fly out, F1 (Popup, 15, EV 84.4 MPH)
|
Batting: LHB Tavares Wright
|
0-0: Ball 1-0: Called Strike 1-1: Fly out, F8 (Flyball, 8RXD, EV 100.0 MPH)
|
Bottom of the 7th over - 0 runs, 1 hit, 0 errors, 1 left on base; Baltimore 4 - New York 1 |
TOP OF THE 8TH |
Baltimore Bulldogs batting - Pitching for New York Cyclones : RHP Sean Vitale
|
Pitching: LHP Richard Dobson
|
|
Now at 1B: Landon Garber
|
|
Now at 2B: Fred Etheridge
|
|
Batting: SHB Conor Coleman
|
0-0: Swinging Strike 0-1: SINGLE (Line Drive, 8LS, EV 97.5 MPH)
|
Batting: RHB Brian Williamson
|
0-0: Ball 1-0: Ball 2-0: Called Strike 2-1: Called Strike 2-2: Ball 3-2: Grounds into double play, 5-4-3 (Groundball, 56S, EV 91.9 MPH)
|
Batting: RHB Terry Rowland
|
0-0: Swinging Strike 0-1: Ball 1-1: Foul Ball, location: 2F 1-2: Strikes out looking
|
Top of the 8th over - 0 runs, 1 hit, 0 errors, 0 left on base; Baltimore 4 - New York 1 |
BOTTOM OF THE 8TH |
New York Cyclones batting - Pitching for Baltimore Bulldogs : RHP Shadell Williams
|
Pitching: LHP Jonas Zimmerman
|
|
Batting: RHB Landon Garber
|
0-0: Ball 1-0: Ball 2-0: Called Strike 2-1: Called Strike 2-2: Strikes out looking
|
Batting: LHB Tom McNew
|
0-0: Ball 1-0: Swinging Strike 1-1: Fly out, F3 (Popup, 3SF, EV 82.5 MPH)
|
Batting: RHB Sullivan Hazelwood
|
0-0: Fly out, F7 (Line Drive, 7, EV 106.9 MPH)
|
Bottom of the 8th over - 0 runs, 0 hits, 0 errors, 0 left on base; Baltimore 4 - New York 1 |
TOP OF THE 9TH |
Baltimore Bulldogs batting - Pitching for New York Cyclones : LHP Richard Dobson
|
Pitching: RHP Braden Allen
|
|
Batting: RHB Oscar Wilson
|
0-0: Ball 1-0: Ground out U3 (Groundball, 34, EV 89.4 MPH)
|
Batting: RHB Joseph Olsen
|
0-0: Called Strike 0-1: Called Strike 0-2: Ball 1-2: Foul Ball, location: 2F 1-2: SINGLE (Line Drive, 4M, EV 95.0 MPH)
|
Batting: LHB Andy Wulfeck
|
0-0: Ball 1-0: Swinging Strike 1-1: Foul Ball, location: 2F 1-2: Ground out 4-3 (Groundball, 34S, EV 88.8 MPH) Joseph Olsen to second
|
Batting: RHB Billy Ojala
|
0-0: Fly out, F9 (Flyball, 89D, EV 96.9 MPH)
|
Top of the 9th over - 0 runs, 1 hit, 0 errors, 1 left on base; Baltimore 4 - New York 1 |
BOTTOM OF THE 9TH |
New York Cyclones batting - Pitching for Baltimore Bulldogs : LHP Jonas Zimmerman
|
Pitching: LHP Carl Vertullo
|
|
Batting: LHB Chase Barkow
|
0-0: Called Strike 0-1: Ball 1-1: Ball 2-1: Ball 3-1: Called Strike 3-2: Ground out 6-3 (Groundball, 56, EV 105.6 MPH)
|
Batting: RHB Dane Jennings
|
0-0: SINGLE (Groundball, 56D, EV 84.4 MPH) (infield hit)
|
Batting: RHB J.D. Brandon
|
0-0: Called Strike 0-1: Swinging Strike 0-2: Fly out, F9 (Flyball, 89M, EV 92.5 MPH)
|
Batting: RHB Fred Etheridge
|
0-0: Ball 1-0: Ball 2-0: Foul Ball, location: 2F 2-1: Ground out 6-3 (Groundball, 6M, EV 92.5 MPH)
|
Bottom of the 9th over - 0 runs, 1 hit, 0 errors, 1 left on base; Baltimore 4 - New York 1 |
|